 Dungeon Crawl Stone Soup version 0.29-a0-321-gf1c400731a (webtiles) character file.

Game seed: 2568749857636482624

310275 drugrobin the Severer (level 19, -4/174 (179) HPs)
             Began as a Demigod Fighter on Apr 4, 2022.
             Slain by a spriggan berserker
             ... wielding a +0 quarterstaff
             ... led by a spriggan defender
              (21 damage)
             ... on level 3 of the Depths.
             The game lasted 02:32:08 (62860 turns).

drugrobin the Severer (Demigod Fighter)            Turns: 62860, Time: 02:32:09

HP:   -4/174 (179)  AC: 26    Str: 29    XL:     19   Next: 60%
MP:   11/32         EV: 14    Int: 22    God:
Gold: 13            SH: 11    Dex: 13    Spells: 10/30 levels left

rFire   + . .      SeeInvis +   a - +9 broad axe (pain)
rCold   . . .      Faith    .   k - +3 buckler {reflect}
rNeg    + . .      Spirit   .   Q - +1 scale mail of Limitation {rF+ rN+ Will+}
rPois   .          Reflect  +   A - +2 helmet {SInv}
rElec   .          Harm     .   X - +2 cloak {Stlth+}
rCorr   .          Rampage  .   W - +1 pair of gloves {infuse}
Will    ++...                   G - +2 pair of boots {Fly}
Stlth   +.........              v - amulet of regeneration
HPRegen 1.19/turn               V - +4 ring of evasion
MPRegen 0.23/turn               E - +4 ring of protection

@: about to teleport, flying, studying 2 skills, lightly drained
A: high MP 1, forlorn, divine attributes
}: 2/15 runes: decaying, serpentine
a: no special abilities


You were on level 3 of the Depths.
You visited 9 branches of the dungeon, and saw 38 of its levels.
You also visited: Bailey.

You collected 4087 gold pieces.
You spent 4074 gold pieces at shops.

Inventory:

Hand Weapons
 a - a +9 broad axe of pain (weapon)
 b - a +3 trident of venom
 e - a +1 hand axe of flaming
Missiles
 h - 79 poisoned darts (quivered)
 s - 36 boomerangs
 I - 25 curare-tipped darts
Armour
 k - a +3 buckler of reflection (worn)
 A - a +2 helmet of see invisible (worn)
 G - a +2 pair of boots of flying (worn)
 Q - the +1 scale mail of Limitation (worn) {rF+ rN+ Will+}
   (You bought it in a shop on level 11 of the Dungeon)

   rF:        It protects you from fire.
   rN:        It protects you from negative energy.
   Will:      It increases your willpower.
 W - a +1 pair of gloves of infusion (worn)
 X - a +2 cloak of stealth (worn)
Jewellery
 c - a ring of protection from cold
 d - a ring of protection from fire
 o - a ring of protection from cold
 u - a ring of poison resistance
 v - an amulet of regeneration (around neck)
 y - a ring of resist corrosion
 B - a ring of willpower
 E - a +4 ring of protection (right hand)
 V - a +4 ring of evasion (left hand)
Wands
 j - a wand of mindburst (21)
 n - a wand of acid (14)
 z - a wand of digging (10)
 J - a wand of iceblast (28)
 M - a wand of charming (8)
 T - a wand of flame (72)
 Y - a wand of polymorph (7)
 Z - a wand of paralysis (5)
Scrolls
 l - 15 scrolls of teleportation
 m - 4 scrolls of holy word
 t - 6 scrolls of immolation
 x - 2 scrolls of silence
 H - 2 scrolls of summoning
 K - a scroll of fear
 L - a scroll of blinking
 N - 7 scrolls of vulnerability
 R - 3 scrolls of fog
 U - 3 scrolls of magic mapping
Potions
 g - 4 potions of resistance
 i - 11 potions of heal wounds
 p - 15 potions of curing
 q - 5 potions of attraction
 r - 5 potions of berserk rage
 w - 2 potions of cancellation
 C - 3 potions of invisibility
 D - 2 potions of might
 F - 4 potions of haste
 O - 4 potions of ambrosia
 S - 3 potions of lignification
Miscellaneous
 P - a phantom mirror (inert)


   Skills:
 + Level 17.9 Fighting
 - Level 18.0 Axes
 + Level 9.0 Armour
 - Level 15.0 Shields
 - Level 6.0 Spellcasting
 + Level 16.1 Necromancy


You had 10 spell levels left.
You knew the following spells:

 Your Spells              Type           Power      Damage    Failure   Level
a - Vampiric Draining     Necr           67%        2d10      1%          3
b - Dispel Undead         Necr           67%        3d23      1%          4
c - Blink                 Tloc           12%        N/A       30%         2
d - Mephitic Cloud        Conj/Pois/Air  6%         N/A       52%         3
e - Ignite Poison         Fire/Tmut/Pois 6%         N/A       52%         3
f - Agony                 Necr           67%        N/A       1%          5

Your spell library contained the following spells:

 Spells                   Type           Power      Damage    Failure   Level
 Animate Skeleton         Necr           100%       N/A       1%          1
 Pain                     Necr           100%       1d9       1%          1
 Excruciating Wounds      Necr           33%        N/A       1%          5
 Apportation              Tloc           12%        N/A       21%         1
 Magic Dart               Conj           24%        1d4       21%         1
 Slow                     Hex            24%        N/A       21%         1
 Call Imp                 Summ           6%         N/A       30%         2
 Searing Ray              Conj           12%        2d4       30%         2
 Static Discharge         Conj/Air       6%         N/A       30%         2
 Confusing Touch          Hex            6%         N/A       52%         3
 Gell's Gravitas          Tloc           6%         N/A       52%         3
 Ozocubu's Armour         Ice            6%         N/A       52%         3
 Portal Projectile        Hex/Tloc       12%        N/A       52%         3
 Summon Guardian Golem    Hex/Summ       6%         N/A       52%         3
 Teleport Other           Tloc           6%         N/A       52%         3
 Simulacrum               Ice/Necr       21%        N/A       73%         6
 Animate Armour           Summ/Erth      12%        N/A       89%         4
 Fulminant Prism          Conj/Hex       3%         3d6       89%         4
 Hailstorm                Conj/Ice       6%         3d4       89%         4
 Ice Form                 Ice/Tmut       6%         N/A       89%         4
 Iskenderun's Mystic Bla  Conj/Tloc      6%         2d4       89%         4
 Olgreb's Toxic Radiance  Pois           6%         N/A       89%         4
 Passage of Golubria      Tloc           6%         N/A       89%         4
 Petrify                  Tmut/Erth      6%         N/A       89%         4
 Sticky Flame             Conj/Fire      6%         2d3       89%         4
 Alistair's Intoxication  Tmut/Pois      4%         N/A       99%         5
 Blade Hands              Tmut           3%         N/A       99%         5
 Fireball                 Conj/Fire      3%         3d4       99%         5
 Freezing Cloud           Conj/Ice/Air   3%         6-21      99%         5
 Lee's Rapid Deconstruct  Erth           3%         3d6*      99%         5
 Metabolic Englaciation   Hex/Ice        3%         N/A       99%         5
 Silence                  Hex/Air        3%         N/A       99%         5
 Summon Forest            Summ/Tloc      3%         N/A       99%         5
 Summon Mana Viper        Hex/Summ       6%         N/A       99%         5
 Dispersal                Tloc           3%         N/A       100%        6
 Starburst                Conj/Fire      3%         6d3       100%        6
 Statue Form              Tmut/Erth      4%         N/A       100%        6
 Summon Cactus Giant      Summ           3%         N/A       100%        6
 Malign Gateway           Summ/Tloc      3%         N/A       100%        7
 Ozocubu's Refrigeration  Ice            3%         4d5       100%        7
 Summon Hydra             Summ           3%         N/A       100%        7
 Ignition                 Fire           3%         3d4       100%        8
 Lehudib's Crystal Spear  Conj/Erth      3%         10d2      100%        8


Dungeon Overview and Level Annotations

Branches:
Dungeon (15/15)            Temple (1/1) D:6            Lair (6/6) D:9
  Swamp (4/4) Lair:3        Snake (4/4) Lair:3        Slime (0/5) Lair:5
    Orc (2/2) D:12            Elf (2/3) Orc:2        Vaults (0/5) D:14
 Depths (3/4) D:15           Hell (visited)          Bailey (visited)
    Dis: Hell:1         Geh: Hell:1         Coc: Hell:1         Tar: Hell:1

Shops:
D:1 (   D:5 [   D:11 [(   D:14 !   Orc:2 =(=?=   Snake:3 (   Depths:1 :=:!
Depths:2 [

Portals:
Hell: Depths:1
Abyss: Depths:1 Depths:3
Pandemonium: Depths:2

Annotations:
D:10 3 runed translucent doors, bearlyready's ghost, journeyman KoHu
Lair:4 3 runed translucent doors, Giasike's ghost, journeyman MiBe
Lair:6 exclusion: 6 oklob plants
Hell Geryon


Innate Abilities, Weirdness & Mutations

You have an increased reservoir of magic. (+10% MP)
You shall have no god before yourself.
Your divine heritage dramatically boosts your attributes as you level up.


Message History

As you read the scroll of teleportation, it crumbles to dust.
You feel strangely unstable.
You hear a shout!
The lich mumbles some strange words.
The lich seems to speed up.
The fire giant points at you and mumbles some strange words.
The bolt of fire hits you. You resist.
* * * LOW HITPOINT WARNING * * *
The deep troll shaman calls upon its god to strengthen the deep troll earth mage.
The deep troll earth mage seems to grow stronger.
You block the juggernaut's attack. The juggernaut barely misses you.
Unknown command.
Unknown command.
Unknown command.
Unknown command.
Unknown command.
Blink to where?
Press: ? - help, Dir - move target A spriggan berserker comes into view.
It is wielding a +0 war axe.
Found an encrusted coral ring, a potion of curing and a tubular bronze ring.
Found a one-way gate to the infinite horrors of the Abyss.
Found a stone staircase leading up.
As you read the scroll of blinking, it crumbles to dust.
The spriggan berserker shouts!
You hear a horrible gurgling sound!
You hear a shout!
You hear two shouts!
Unknown command.
Unknown command.
Unknown command.
Unknown command.
Unknown command.
Unknown command.
An ettin comes into view. It is wielding two +0 dire flails.
You hear a bellow!
Unknown command.
Unknown command.
Unknown command.
Unknown command.
The spriggan berserker attacks as you move away!
The spriggan berserker hits you with a +0 quarterstaff!!
You die...

... ..... .. #..#
....# ..###C∩#
.....
#=#^..##....##
##...........#.
.##...........=..
..........#<....#
.........@i# ..#..
...*...i....# .....
............#
.}}:..#.._._..#...#
.}.)LC....#.......#
.)|:;.#..C._..#!..#
..*DQ.............#
#CL.CT..........#
#....#.#......#


You could see a titan, an ettin, 2 spriggan berserkers and a living spell
(summoned).

Vanquished Creatures
  Saint Roka (Orc:2)
  Nikola (D:15)
  Jorgrun (Elf:2)
  A lich (Depths:1)
  Asterion (Elf:2)
  A deep elf blademaster (Elf:2)
  Frances (Snake:2)
  4 thorn hunters
  A shadow dragon (Depths:2)
  Kirke (D:15)
  A tengu reaver (Depths:1)
  A fenstrider witch (Swamp:3)
  14 nagarajas (Snake:4)
  3 fire giants
  4 frost giants
  The ghost of Ichabod the Warrior, a journeyman MiFi of Trog (Orc:1)
  A balrug (Depths:1)
  Aizul (Elf:1)
  2 orc warlords
  15 very ugly things
  2 spriggan defenders
  A reaper (Depths:2)
  A vampire knight (Depths:2)
  2 stone giants
  A dire elephant (Lair:6)
  3 eleionomae
  The ghost of Gitueniwk the Protected, a journeyman GrEE of Ashenzari (D:15)
  3 deep elf demonologists (Elf:1)
  8 bunyips
  A spark wasp (Depths:2)
  5 ettins
  Josephine (D:15)
  4 fire dragons
  13 naga warriors
  A shambling mangrove (Swamp:4)
  6 salamander tyrants
  8 vault guards (D:14)
  7 boulder beetles
  2 ogre magi (D:15)
  A spriggan air mage (Depths:2)
  2 ghost crabs
  21 hydras
  A catoblepas (Lair:2)
  3 ice dragons
  10 anacondas
  A centaur warrior (D:14)
  4 deep troll shamans
  A merfolk avatar (Lair:6)
  10 two-headed ogres
  13 dancing weapons
  3 death yaks (Lair:5)
  3 tengu warriors (D:15)
  A deep troll earth mage (D:15)
  9 alligators
  3 spriggan berserkers
  2 vampire magi
  10 naga sharpshooters
  11 shock serpents
  3 soul eaters (Depths:2)
  3 sun demons (Depths:1)
  4 salamander mystics
  5 deep elf knights
  4 skeletal warriors
  A death drake (Swamp:3)
  A goliath frog (shapeshifter) (Depths:1)
  8 goliath frogs
  4 iron trolls (Depths:1)
  A sea snake (Lair:6)
  5 spriggan druids
  6 bog bodies
  8 swamp dragons
  2 harpies (Lair:6)
  A glowing orange brain (Depths:1)
  A sphinx zombie (D:15)
  4 deep trolls
  7 deep elf archers
  A lindwurm (Lair:5)
  A tengu zombie (D:15)
  3 orc knights (Orc:2)
  A golden dragon skeleton (D:15)
  7 naga ritualists
  22 deep elf pyromancers
  A phantasmal warrior (D:15)
  9 mana vipers
  3 necromancers
  2 orc sorcerers
  18 ugly things
  3 manticores
  A stone giant zombie (Depths:1)
  6 cyclopes
  14 salamanders
  22 deep elf zephyrmancers
  7 will-o-the-wisps
  A frost giant skeleton (Depths:1)
  A frost giant zombie (Depths:1)
  38 black mambas
  10 elephants
  An iron dragon skeleton (D:15)
  6 guardian serpents (Snake:4)
  9 naga magi
  A torpor snail (Lair:6)
  An unseen horror (D:12)
  18 cane toads
  A gargoyle (D:11)
  Maggie (D:8)
  8 rime drakes
  A kobold demonologist (D:7)
  An efreet (D:13)
  10 komodo dragons
  4 tengu conjurers
  A red devil (Depths:2)
  8 trolls
  9 polar bears
  A wind drake (Lair:6)
  A guardian mummy (D:15)
  12 tyrant leeches
  5 hornets
  22 slime creatures
  9 blink frogs (Lair:6)
  A snapping turtle (shapeshifter) (D:14)
  An ettin zombie (Depths:1)
  5 dream sheep (Lair:6)
  Sigmund (D:3)
  An air elemental (Elf:1)
  A spriggan skeleton (D:15)
  A shadow (D:10)
  A snapping turtle (Lair:6)
  5 spriggans
  2 water elementals
  6 wraiths
  52 yaks
  3 wyverns
  2 vampires (D:11)
  4 basilisks
  A fire elemental (Elf:1)
  5 hogs (D:15)
  Eustachio (D:4)
  3 steam dragons
  A redback (D:14)
  26 nagas
  4 wargs (Orc:2)
  16 vampire mosquitoes
  13 swamp worms
  6 acid dragons
  21 water moccasins
  9 swamp drakes
  5 black bears
  50 orc warriors
  5 sky beasts
  5 ice beasts
  7 ogres
  18 centaurs
  16 wolves
  2 phantoms
  5 kobold brigands
  7 bullfrogs
  2 necrophages
  An earth elemental (Elf:1)
  2 scorpions
  2 hornet simulacra
  15 killer bees
  4 electric eels
  5 howler monkeys
  2 hounds
  2 jellies
  A wyvern simulacrum (D:9)
  16 orc priests
  2 gnoll shamans (D:7)
  4 iguanas
  21 orc wizards
  Ijyb (D:2)
  3 yak simulacra (Lair:3)
  3 polar bear simulacra (Lair:3)
  3 wolf simulacra (Lair:3)
  A centaur simulacrum (D:9)
  A killer bee simulacrum (D:9)
  8 gnolls
  11 adders
  2 shadow imps
  3 howler monkey simulacra (D:9)
  9 white imps
  4 ufetubi
  2 dart slugs
  76 orcs
  8 ball pythons
  3 bats
  3 giant cockroaches
  15 goblins
  7 hobgoblins
  2 quokkas (D:4)
  2 frilled lizards
  39 kobolds
  5 rats
  2 river rat simulacra (Lair:3)
  A spectral orc (D:3)
  3 briar patches (Swamp:4)
1212 creatures vanquished.

Vanquished Creatures (others)
  A fire giant (Depths:1)
  A tengu warrior (Depths:1)
  A deep elf knight (Elf:1)
  A deep elf zephyrmancer (Elf:2)
  A bloated husk (Swamp:4)
  A vampire mosquito (D:12)
  A kobold (D:12)
  53 foxfires
  50 fungi
  86 plants
  4 toadstools (D:1)
  3 withered plants (D:15)
203 creatures vanquished.

Grand Total: 1415 creatures vanquished

Notes
Turn   | Place    | Note
-------+----------+-------------------------------------------
     0 | D:1      | drugrobin the Demigod Fighter began the quest for the Orb.
     0 | D:1      | Reached XP level 1. HP: 18/18 MP: 3/3
    80 | D:1      | Reached skill level 2 in Axes
   385 | D:1      | Found Hylaanis's Weapon Boutique.
   428 | D:1      | Reached XP level 2. HP: 25/25 MP: 4/4
  1001 | D:2      | Reached XP level 3. HP: 30/31 MP: 5/5
  1159 | D:2      | Reached skill level 3 in Axes
  1427 | D:3      | Noticed Ijyb
  1446 | D:2      | Killed Ijyb
  1934 | D:3      | Reached XP level 4. HP: 35/38 MP: 6/6
  2116 | D:3      | Noticed Sigmund
  2215 | D:3      | You fall into a shaft and drop 3 floors!
  2215 | D:6      | Found a staircase to the Ecumenical Temple.
  2229 | D:6      | Reached skill level 4 in Axes
  2250 | D:6      | Noticed a phantom
  2263 | Temple   | Entered the Ecumenical Temple
  2508 | Temple   | Killed a phantom
  2509 | Temple   | Reached XP level 5. HP: 43/46 MP: 7/7
  2807 | D:6      | Noticed a sky beast
  2844 | D:6      | Killed a sky beast
  2845 | D:6      | Reached skill level 5 in Axes
  2845 | D:6      | Reached XP level 6. HP: 42/53 MP: 8/8
  2931 | D:5      | Entered Level 5 of the Dungeon
  3079 | D:5      | Found Cimo Ux Vuil's Armour Emporium.
  3455 | D:4      | Noticed Eustachio
  3500 | D:4      | Killed Eustachio
  3715 | D:4      | Reached skill level 6 in Axes
  4555 | D:4      | Reached skill level 5 in Fighting
  4555 | D:4      | Reached XP level 7. HP: 57/61 MP: 9/9
  5256 | D:5      | Reached skill level 7 in Axes
  5894 | D:5      | Identified the +6 whip "Zionwyam" {vorpal, rPois Will+
                  | rCorr Dex-2}
  6091 | D:5      | Reached XP level 8. HP: 53/70 MP: 10/10
  6365 | D:6      | Reached skill level 8 in Axes
  7153 | D:3      | Killed Sigmund
  7436 | D:7      | Reached skill level 9 in Axes
  7682 | D:7      | Reached XP level 9. HP: 48/79 MP: 11/11
  7932 | D:7      | Reached skill level 10 in Axes
  8705 | D:7      | Noticed a kobold demonologist
  8721 | D:7      | Noticed a sixfirhy
  8722 | D:7      | Killed a kobold demonologist
  8954 | D:7      | Identified a scroll of acquirement
  8955 | D:7      | Acquired 633 gold pieces
  9035 | D:8      | Reached skill level 11 in Axes
  9650 | D:8      | Noticed Maggie
  9678 | D:8      | Killed Maggie
  9955 | D:8      | Learned a level 3 spell: Vampiric Draining
 10172 | D:8      | Reached XP level 10. HP: 74/90 MP: 13/13
 10627 | D:9      | Reached skill level 1 in Necromancy
 10681 | D:9      | Found a flagged portal.
 10849 | Bailey   | Entered a bailey
 12433 | D:9      | Reached skill level 12 in Axes
 13399 | D:9      | Found a staircase to the Lair.
 14075 | D:10     | Entered Level 10 of the Dungeon
 14137 | D:10     | Reached XP level 11. HP: 60/97 MP: 14/14
 14623 | D:10     | Found a runed translucent gate.
 14623 | D:10     | Found a runed translucent gate.
 14623 | D:10     | Found a runed translucent gate.
 14623 | D:10     | Noticed a glowing orange brain
 14624 | D:10     | Noticed bearlyready's ghost (journeyman KoHu)
 14774 | D:11     | Noticed a two-headed ogre
 14774 | D:11     | Found Xygeucw's Distillery.
 14857 | D:11     | Reached skill level 13 in Axes
 15264 | D:11     | Found Fuutitek's Antique Armour Shoppe.
 15295 | D:11     | Bought a glimmering scale mail for 333 gold pieces
 15295 | D:11     | Identified the +1 scale mail of Limitation {rF+ rN+ Will+}
                  | (You bought it in a shop on level 11 of the Dungeon)
 15410 | D:11     | Killed a two-headed ogre
 15425 | D:11     | Bought a potion of cancellation for 136 gold pieces
 15425 | D:11     | Bought a potion of ambrosia for 136 gold pieces
 15425 | D:11     | Bought a potion of haste for 170 gold pieces
 15425 | D:11     | Bought a potion of curing for 51 gold pieces
 15425 | D:11     | Bought a potion of mutation for 136 gold pieces
 15425 | D:11     | Bought a potion of lignification for 51 gold pieces
 15425 | D:11     | Bought a potion of heal wounds for 85 gold pieces
 16123 | D:11     | Found Yroshuc's Weapon Shoppe.
 16191 | D:11     | Reached skill level 5 in Necromancy
 16539 | Lair:1   | Entered Level 1 of the Lair of Beasts
 16567 | Lair:1   | Reached skill level 10 in Fighting
 17346 | Lair:1   | Identified the +7 flail "Arcanum" {freeze, rC+ Dex+5}
 17695 | Lair:1   | Reached skill level 14 in Axes
 17747 | Lair:2   | Learned a level 4 spell: Dispel Undead
 18473 | Lair:2   | Reached XP level 12. HP: 95/108 MP: 15/15
 19906 | Lair:2   | Noticed a catoblepas
 19915 | Lair:2   | Killed a catoblepas
 21005 | Lair:3   | Found a staircase to the Snake Pit.
 21070 | Lair:3   | Reached skill level 15 in Axes
 21686 | Lair:3   | Found a staircase to the Swamp.
 22467 | Snake:1  | Entered Level 1 of the Snake Pit
 22468 | Snake:1  | Noticed an anaconda
 22666 | Lair:4   | Identified the +2 leather armour of Valour {*Slow rElec
                  | Regen+}
 22672 | Lair:4   | Found a runed translucent gate.
 22673 | Lair:4   | Found a runed translucent gate.
 22674 | Lair:4   | Found a runed translucent gate.
 22676 | Lair:4   | Noticed Giasike's ghost (journeyman MiBe)
 22779 | Lair:4   | Found the +3 robe of Clouds {*Thunder rCloud rElec}
 22779 | Lair:4   | Noticed an ice dragon
 22794 | Lair:4   | Killed an ice dragon
 22847 | Lair:4   | Noticed a four-headed hydra
 22860 | Lair:4   | Killed a one-headed hydra
 23176 | Lair:4   | Noticed a seven-headed hydra
 23212 | Lair:4   | Killed a one-headed hydra
 23485 | Lair:4   | Noticed a five-headed hydra
 23493 | Lair:4   | Killed a one-headed hydra
 24253 | Lair:5   | Found a staircase to the Slime Pits.
 24375 | Lair:5   | Reached skill level 5 in Shields
 24480 | Lair:5   | Noticed a five-headed hydra
 24492 | Lair:5   | Killed a one-headed hydra
 24530 | Lair:5   | Reached XP level 13. HP: 92/116 MP: 16/16
 25181 | Lair:6   | Entered Level 6 of the Lair of Beasts
 25181 | Lair:6   | Noticed a dire elephant
 25337 | Lair:6   | Paralysed by a hornet for 2 turns
 25918 | Lair:5   | Reached skill level 16 in Axes
 27031 | Lair:6   | Killed a dire elephant
 28691 | Lair:6   | Reached skill level 17 in Axes
 28691 | Lair:6   | Reached XP level 14. HP: 127/127 MP: 17/17
 28870 | Lair:6   | Reached XP level 15. HP: 129/134 MP: 18/18
 31608 | Snake:1  | Identified the +5 flail of Elitoinn {elec, rN+ Str-2
                  | Stlth+}
 33053 | Swamp:1  | Entered Level 1 of the Swamp
 33205 | Swamp:1  | Reached skill level 10 in Necromancy
 36420 | D:12     | Found a staircase to the Orcish Mines.
 36481 | Orc:1    | Entered Level 1 of the Orcish Mines
 36642 | Orc:2    | Entered Level 2 of the Orcish Mines
 37199 | Orc:2    | Found a staircase to the Elven Halls.
 37242 | Orc:2    | Reached skill level 18 in Axes
 38108 | Orc:1    | Found a runed translucent door.
 38108 | Orc:1    | Noticed Ichabod's ghost (journeyman MiFi)
 38206 | Orc:1    | Killed Ichabod's ghost
 38518 | Orc:2    | Noticed Saint Roka
 38656 | Orc:2    | Killed Saint Roka
 38983 | Orc:2    | Found Luhe Puo's Jewellery Emporium.
 38991 | Orc:2    | Bought a ring of poison resistance for 240 gold pieces
 38991 | Orc:2    | Bought an amulet of regeneration for 360 gold pieces
 38991 | Orc:2    | Bought a ring of willpower for 300 gold pieces
 39139 | Orc:2    | Found Elamudd's Jewellery Shoppe.
 39139 | Orc:2    | Found Keimp's Weapon Shop.
 39139 | Orc:2    | Found Iwuynk's Jewellery Boutique.
 39142 | Orc:2    | Found Suco's Magic Scroll Emporium.
 39913 | D:13     | Identified the +4 rapier of Chagrin {vorpal, rElec Str+2
                  | Int-3}
 40582 | D:13     | Reached XP level 16. HP: 121/145 MP: 19/19
 41119 | D:14     | Reached skill level 10 in Shields
 41503 | D:14     | Got Sif Muna's Reference Book on Orientation
 41507 | D:14     | Learned a level 2 spell: Blink
 41516 | D:14     | Identified the +6 quarterstaff of Fear {holy, Str+3}
 41672 | D:14     | Found a gate to the Vaults.
 41702 | D:14     | Found Boizal's Distillery.
 41961 | D:14     | Identified the +8 trident "Gawnolis" {vorpal, rCorr Int+2
                  | Dex+3}
 41971 | D:14     | Reached skill level 1 in Spellcasting
 42085 | D:15     | Entered Level 15 of the Dungeon
 42335 | D:15     | Found a staircase to the Depths.
 42538 | D:15     | Found a transporter.
 42538 | D:15     | Noticed Gitueniwk's ghost (journeyman GrEE)
 42888 | D:15     | Noticed Kirke
 42966 | D:15     | Noticed a sphinx
 42992 | D:15     | Killed Kirke
 43003 | D:15     | Identified the ring "Egeuh" {rPois rC+ rN+ Stlth+}
 43375 | D:15     | Found a transporter.
 43540 | D:15     | Noticed Josephine
 43551 | D:15     | Killed Josephine
 43868 | D:15     | Killed Gitueniwk's ghost
 44020 | Elf:1    | Entered Level 1 of the Elven Halls
 44626 | Elf:1    | Noticed Aizul
 44641 | Elf:1    | HP: 5/147 [poisoned by Aizul (bolt of poison)]
 44642 | Elf:1    | HP: 1/147 [poisoned by Aizul (bolt of poison)]
 44646 | Elf:1    | Killed Aizul
 45385 | Elf:1    | Reached skill level 15 in Fighting
 45524 | Elf:1    | Got the Almanac of Creation
 45798 | Elf:1    | Paralysed by an air elemental for 1 turns
 45943 | Elf:2    | Reached XP level 17. HP: 100/156 MP: 28/28
 47328 | Swamp:2  | Reached skill level 5 in Spellcasting
 49072 | Swamp:4  | Entered Level 4 of the Swamp
 49848 | Swamp:4  | Reached skill level 5 in Armour
 50933 | Swamp:4  | Got a decaying rune of Zot
 51417 | Snake:2  | Noticed Frances
 51552 | Snake:2  | Killed Frances
 52488 | Snake:3  | Found Pupp's Weapon Shop.
 52505 | Snake:3  | Bought a +3 trident of venom for 212 gold pieces
 52621 | Snake:3  | Reached XP level 18. HP: 95/166 MP: 31/31
 53699 | Snake:4  | Entered Level 4 of the Snake Pit
 55455 | Snake:4  | Identified the +2 mace of Pyromania {vorpal, +Blink}
 57101 | Snake:4  | Got a serpentine rune of Zot
 57543 | D:14     | Bought a potion of heal wounds for 70 gold pieces
 57543 | D:14     | Bought a potion of lignification for 42 gold pieces
 57543 | D:14     | Bought a potion of heal wounds for 70 gold pieces
 57543 | D:14     | Bought 2 potions of curing for 84 gold pieces
 57543 | D:14     | Bought a potion of curing for 42 gold pieces
 57574 | Depths:1 | Entered Level 1 of the Depths
 57741 | Depths:1 | Found Igoilize's Book Boutique.
 57742 | Depths:1 | Found Gukuc's Jewellery Emporium.
 57743 | Depths:1 | Found Ytsikk's Book Boutique.
 57755 | Depths:1 | Bought a book of Necromancy for 176 gold pieces
 57918 | Depths:1 | Reached skill level 15 in Necromancy
 58019 | Depths:1 | Found Vagaca's Distillery.
 58214 | Depths:1 | Noticed Nikola
 58231 | D:15     | Killed Nikola
 58681 | Depths:1 | Reached XP level 19. HP: 172/177 MP: 32/32
 59123 | Depths:1 | Found a one-way gate to the infinite horrors of the Abyss.
 59264 | Depths:1 | Found a gateway to Hell.
 59303 | Hell     | Entered the Vestibule of Hell
 59303 | Hell     | Noticed Geryon
 60403 | Elf:2    | Learned a level 3 spell: Mephitic Cloud
 60407 | Elf:2    | Learned a level 3 spell: Ignite Poison
 60585 | Elf:2    | Learned a level 5 spell: Agony
 60971 | Elf:2    | Found a runed translucent gate.
 60971 | Elf:2    | Found a runed translucent gate.
 60971 | Elf:2    | Found a runed translucent gate.
 61237 | Elf:2    | Noticed Asterion
 61273 | Elf:2    | Killed Asterion
 61478 | Elf:2    | Noticed Jorgrun
 61491 | Elf:2    | Killed Jorgrun
 61492 | Elf:2    | Reached skill level 15 in Shields
 61744 | Depths:1 | Bought a manual of Armour for 960 gold pieces
 61784 | Depths:2 | Found Poyxtix's Armour Emporium.
 61788 | Depths:2 | Bought a +1 pair of gloves of infusion for 330 gold pieces
 61788 | Depths:2 | Bought a +0 chain mail for 90 gold pieces
 61993 | Depths:2 | Found a one-way gate leading to the halls of Pandemonium.
 62322 | Depths:2 | Identified the +12 hunting sling "Otiyret" {vorpal, rN++
                  | Will-}
 62414 | Depths:2 | Identified the +2 morningstar of Corruption {holy, Dex+4}
 62819 | Depths:2 | You are sucked into a shaft and drop 1 floor!
 62855 | Depths:3 | Noticed a juggernaut
 62855 | Depths:3 | Noticed a golden dragon
 62855 | Depths:3 | Noticed a golden dragon
 62860 | Depths:3 | Slain by a spriggan berserker

Illustrated notes

Levels and vault maps discovered:
D:1:      ldierk_walled_garden_2, layout_basic,
          hellmonk_ecumenical_altar_inner_sanctum, serial_shops, shop
D:2:      layout_basic, lightli_corner_chamber
D:3:      layout_basic, yredelemnul_forgotten_temple_becter, goddamned_bats,
          uniq_sigmund, uniq_ijyb
D:4:      layout_basic, hangedman_decor_slide_cut, uniq_eustachio
D:5:      layout_cave_pods, serial_shops, shop, solitary_fountain
D:6:      layout_basic, minmay_temple_entry_ruins
D:7:      layout_loops_ring, gammafunk_temple_overflow_statue,
          minmay_quadrilaterals
D:8:      layout_gridville, minivault_27, minmay_misc_feat_iff, uniq_maggie
D:9:      layout_basic, kennysheep_okawaru_gauntlet, erik_lair_dragon,
          enter_bailey_3, serial_ice, serial_ice_i, serial_ice_m, serial_ice_h,
          serial_ice_d, serial_ice_b, serial_ice_e, serial_ice_n, serial_ice_f,
          serial_ice_g, serial_ice_a
D:10:     layout_cave_pools, gammafunk_ghost_ooze, hangedman_decor_peaks_small,
          serial_park_tiny_2
D:11:     layout_basic, serial_shops, nicolae_stop_n_shop_2,
          nicolae_shop_bloodbath_and_beyond, shop
D:12:     layout_rooms, erik_orc_1, minmay_unpleasant_kobolds
D:13:     layout_stronghold
D:14:     kennysheep_water_balloons, layout_cave_pools, erik_vaults_2,
          serial_shops, nicolae_take_the_stairs, chequers_serial_rivers_micro_d
D:15:     gammafunk_depths_entry_grave, layout_loops_ring, elyvilon_altar_4,
          gammafunk_ghost_mausoleum, uniq_josephine, uniq_kirke
Temple:   compressed_dpeg_circular_temple
Lair:1:   layout_regular_city, st_stairs_8
Lair:2:   layout_cave_pods
Lair:3:   layout_cellular_growth, swamp_mist_pool,
          minmay_snake_entry_six_corridors, basic_altar, eino_house_with_fridge,
          lemuel_fruit_tree
Lair:4:   layout_gridlike, gammafunk_ghost_necromancy, bobbens_ice_dragon_lair,
          serial_bayou_shore_a, infiniplex_staircase_pool
Lair:5:   layout_gridlike, slime_dummy, chequers_serial_rivers_micro_c,
          grunt_megastairs_1, infiniplex_staircase_pool_2
Lair:6:   gammafunk_lair_ancient_temple, layout_regular_city, dpeg_oklob_1
Swamp:1:  layout_basic_swamp, evilmike_swamp_ruin_house_3
Swamp:2:  layout_falls_marsh, evilmike_swamp_ruin_rubble_2, swamp_pool1
Swamp:3:  nzn_winding_woodlands_medium [nzn_winding_woodlands_hourglass,
          nzn_winding_woodlands_5x15_eye, nzn_winding_woodlands_5x5_open_star,
          nzn_winding_woodlands_5x5_perimeter,
          nzn_winding_woodlands_center_garden,
          nzn_winding_woodlands_5x5_checkerboard,
          nzn_winding_woodlands_5x5_closed_star,
          nzn_winding_woodlands_5x15_default,
          nzn_winding_woodlands_5x5_default], layout_basic_swamp,
          evilmike_swamp_ruin_house_5, swamp_pool1, nicolae_swamp_little_tower
Swamp:4:  swamp_basic_johnstein, layout_basic_swamp, swamp_pool3
Snake:1:  layout_misc_corridors, basic_altar
Snake:2:  layout_grid_shapes, uniq_frances
Snake:3:  layout_rooms, serial_shops, nicolae_square_shop
Snake:4:  grunt_snake_rune_spirals, layout_onion_interference, st_stairs_10,
          serial_bayou_shore_b
Orc:1:    layout_caves, basic_altar, gammafunk_ghost_grave
Orc:2:    st_orc_rangers, layout_diamond_mine, serial_shops,
          nicolae_shop_crystal, uniq_saint_roka
Elf:1:    eino_elf_arrival_altar, layout_loops_corners, minmay_elf_demonology,
          uniq_aizul
Elf:2:    elven_hall_of_blades_hangedman_original
          [nicolae_blade_entry_hurt_lockers], layout_geoelf_diagonals,
          uniq_asterion, uniq_jorgrun
Depths:1: layout_small_grid, abyss_entry, lightli_too_deep, lemuel_tele_altar,
          serial_shops, nicolae_lakefront_shop, eino_tiny_chamber,
          kennysheep_potato, grunt_megastairs_3, firewood_loft,
          minmay_shop_grove, uniq_nikola
Depths:2: minmay_swirls_squares, layout_basic, rand_demon_pan_entry_1,
          serial_shops, shop_fountains, pf_hell_entry_tar_spiral,
          minmay_staircase_windowed_small
Depths:3: minmay_the_grid_octo_tiled_squarecenter_mashed
          [minmay_the_grid_octo_focus, minmay_the_grid_octo_shrine,
          minmay_the_grid_octo_fan_narrow, minmay_the_grid_octo_tetromino_candy,
          minmay_the_grid_square_5x5_megaprize_open,
          minmay_the_grid_square_5x5_shuriken,
          minmay_the_grid_square_5x5_inverted_slash,
          minmay_the_grid_square_5x5_shrine1,
          minmay_the_grid_square_5x5_n_small], layout_basic, ziggurat_fallback,
          hangedman_abyss_or_decor_jellyfish_corner, pan_entry, hellmouth_1,
          abyss_entry, minmay_staircase_bubble, uniq_enchantress
Hell

Skill      XL: |  1  2  3  4  5  6  7  8  9 10 11 12 13 14 15 16 17 18 19 |
---------------+----------------------------------------------------------+-----
Axes           | 2 3 4 5 6 7 9 11 12 14 15 17 18 | 18.0
Fighting       | 3 4 5 7 8 9 10 11 12 13 15 16 17 | 17.9
Necromancy     | 4 6 7 9 11 12 13 15 16 | 16.1
Shields        | 5 7 9 11 12 14 15 | 15.0
Spellcasting   | 4 6 |  6.0
Armour         | 6 8 9 |  9.0

Action                   |  1- 3 |  4- 6 |  7- 9 | 10-12 | 13-15 | 16-18 | 19-21 || total
-------------------------+-------+-------+-------+-------+-------+-------+-------++-------
Melee: Dagger            |    25 |    43 |    54 |       |       |       |       ||   122
       War axe           |    84 |   109 |    58 |       |       |       |       ||   251
       Whip              |       |       |   300 |    26 |    27 |     6 |       ||   359
       Broad axe         |       |       |     8 |   693 |   952 |  1606 |   380 ||  3639
       Hand axe          |       |       |       |    34 |     6 |   118 |       ||   158
       Unarmed           |       |       |       |       |       |     2 |       ||     2
       Trident           |       |       |       |       |       |       |     6 ||     6
Throw: Boomerang         |     1 |     5 |     4 |    14 |     3 |       |       ||    27
       Dart              |       |     4 |    11 |     8 |    19 |       |    15 ||    57
 Cast: Vampiric Draining |       |       |       |     2 |    11 |     4 |       ||    17
       Dispel Undead     |       |       |       |       |     2 |    14 |     4 ||    20
       Blink             |       |       |       |       |       |     1 |       ||     1
       Mephitic Cloud    |       |       |       |       |       |       |     2 ||     2
Evoke: Wand              |       |       |       |       |     4 |     3 |       ||     7
       Phantom mirror    |       |       |       |       |       |     1 |     1 ||     2
  Use: Scroll            |       |       |     9 |    12 |     6 |     5 |     5 ||    37
       Potion            |       |       |     2 |     2 |     4 |     2 |       ||    10
 Stab: Distracted        |       |       |     1 |       |       |       |     2 ||     3
       Confused          |       |       |       |       |       |       |     1 ||     1
Armor: Scale mail        |    62 |   110 |    98 |   214 |   412 |   602 |   122 ||  1620
       Plate armour      |       |       |   184 |   214 |       |       |       ||   398
Dodge: Dodged            |    46 |   110 |   166 |   302 |   457 |   472 |    99 ||  1652
       Repelled          |       |       |       |     1 |    13 |    36 |       ||    50
Block: Buckler           |    20 |    44 |    88 |    96 |       |       |    97 ||   345
       Kite shield       |       |       |       |   131 |   505 |   803 |    46 ||  1485
       Reflection        |       |       |       |       |       |       |     3 ||     3

Table legend: (Time is in decaauts)
 A = Elapsed time spent in this place.
 B = Non-inter-level travel time spent in this place.
 C = Inter-level travel time spent in this place.
 D = Time resting spent in this place.
 E = Time spent auto-exploring this place.
 F = Levels seen in this place.
 G = Mean time per level.
                   A        B        C        D        E       F      G
               +--------+--------+--------+--------+--------+-----+--------+
         Total |  62450 |  58176 |   4274 |  21192 |  22989 |  39 | 1601.3 |
       Dungeon |  23239 |  21112 |   2127 |   6435 |   9682 |  15 | 1549.3 |
        Temple |    248 |    248 |      0 |    233 |      0 |   1 |  248.0 |
          Lair |  14992 |  14031 |    961 |   7278 |   4527 |   6 | 2498.7 |
         Swamp |   5484 |   5223 |    261 |   1595 |   1987 |   4 | 1371.0 |
     Snake Pit |   8182 |   7873 |    309 |   2958 |   2864 |   4 | 2045.5 |
  Orcish Mines |   3349 |   3119 |    230 |   1046 |   1285 |   2 | 1674.5 |
   Elven Halls |   3328 |   3111 |    217 |    966 |   1034 |   2 | 1664.0 |
        Depths |   3038 |   2872 |    166 |    537 |   1405 |   3 | 1012.7 |
          Hell |      6 |      6 |      0 |      0 |      0 |   1 |    6.0 |
        Bailey |    580 |    580 |      0 |    141 |    204 |   1 |  580.0 |
               +--------+--------+--------+--------+--------+-----+--------+

Top non-repeatable levels by time:
  Lair:3: 4310 daAuts
     D:9: 3555 daAuts
 Snake:4: 3435 daAuts
  Lair:2: 3035 daAuts
  Lair:6: 2764 daAuts
    D:15: 2471 daAuts
 Snake:1: 2376 daAuts
    D:11: 2259 daAuts
   Orc:2: 2212 daAuts
  Lair:5: 2176 daAuts
Depths:1: 2108 daAuts
   Elf:1: 1949 daAuts
 Swamp:4: 1781 daAuts
     D:4: 1717 daAuts
     D:5: 1657 daAuts
